 Dungeon Crawl Stone Soup version 0.22.0 (webtiles) character file.

1561 Matezma the Grappler (level 8, -2/78 HPs)
             Began as a Troll Monk on Oct 29, 2018.
             Was a Believer of Trog.
             Slain by a wight
             ... wielding a cursed +3 spear
              (5 damage)
             ... on level 6 of the Dungeon.
             The game lasted 00:18:09 (4313 turns).

Matezma the Grappler (Troll Monk)                   Turns: 4313, Time: 00:18:09

Health: -2/78      AC:  6    Str: 22    XL:     8   Next: 58%
Magic:  7/7        EV: 10    Int:  6    God:    Trog [**....]
Gold:   247        SH:  0    Dex: 12    Spells: 7/7 levels left

rFire    + . .     SeeInvis .     - Unarmed
rCold    . . .     Gourm    +   (no shield)
rNeg     . . .     Faith    .   m - +0 robe {rF+}
rPois    .         Spirit   .   (helmet restricted)
rElec    .         Reflect  .   t - +0 cloak
rCorr    +         Harm     .   (gloves unavailable)
MR       .....                  (boots unavailable)
Stlth    +.........             (no amulet)
HPRegen  0.63/turn              r - ring of flight
MPRegen  0.10/turn              n - ring of resist corrosion

@: drained
A: large, unfitting armour, claws 3, fast metabolism 3, gourmand, regeneration
1, shaggy fur 1, tough skin 2
a: Berserk, Trog's Hand, Renounce Religion, Evoke Flight


You were on level 6 of the Dungeon.
You worshipped Trog.
Trog was pleased with you.
You were completely stuffed.

You visited 2 branches of the dungeon, and saw 7 of its levels.

You collected 247 gold pieces.

Inventory:

Missiles
 d - 134 stones
 v - a large rock (quivered)
Armour
 m - a +0 robe of fire resistance (worn)
 t - a +0 cloak (worn)
Jewellery
 n - a ring of resist corrosion (right claw)
 r - a ring of flight (left claw)
 x - an uncursed ring of wizardry {unknown}
Scrolls
 e - a scroll of blinking {unknown}
 h - 2 scrolls of enchant weapon {unknown}
 l - 2 scrolls of enchant armour {unknown}
 o - 2 scrolls of fog {unknown}
 p - 3 scrolls of remove curse {unknown}
 u - 3 scrolls of fear {unknown}
 y - a scroll of magic mapping {unknown}
 A - 3 scrolls of teleportation {unknown}
 C - a scroll of immolation {unknown}
Potions
 a - 2 potions of berserk rage {unknown}
 c - a potion of haste {unknown}
 f - 3 potions of might {unknown}
 g - a potion of degeneration {unknown}
 i - 4 potions of lignification
 j - 3 potions of flight
 k - a potion of brilliance {unknown}
 q - 2 potions of heal wounds {unknown}
 s - 3 potions of curing {unknown}
 w - a potion of magic {unknown}
 z - a potion of ambrosia {unknown}
Comestibles
 b - 10 rations
 B - a chunk of flesh


   Skills:
 - Level 3.8(2.7) Fighting
 - Level 3.8(2.7) Dodging
 - Level 1.0(0.0) Stealth
 * Level 10.0(8.7) Unarmed Combat


You had 7 spell levels left.
You didn't know any spells.
Your spell library was empty.

Dungeon Overview and Level Annotations

Branches:
Dungeon (6/15)             Temple (1/1) D:4

Altars:
Ashenzari
Cheibriados
Dithmenos
Elyvilon
Fedhas
Gozag
Hepliaklqana
Kikubaaqudgha
Makhleb
Nemelex Xobeh
Ru
Trog
Uskayaw
Vehumet
Wu Jian
Xom
Yredelemnul
Zin
The Shining One

Annotations:
D:4 1 transporter


Innate Abilities, Weirdness & Mutations

You are too large for most types of armour.
You have claws for hands.
Your metabolism is lightning-fast.
You like to eat raw meat.
Your natural rate of healing is unusually fast.
You are covered in fur. (AC +1)
You have very tough skin. (AC +2)


Message History

You destroy the wight!
Trog accepts your kill.
Your base Unarmed Combat skill increases to level 10!
The wight closely misses you.
You barely miss the wight.
The wight hits you with an enchanted battleaxe!
* * * LOW HITPOINT WARNING * * *
You feel drained.
* * * LOW HITPOINT WARNING * * *
The wight barely misses you.
You scratch the wight.
The wight is lightly damaged.
The wight hits you from afar with an enchanted spear.
* * * LOW HITPOINT WARNING * * *
The wight hits you with an enchanted battleaxe!
* * * LOW HITPOINT WARNING * * *
You claw the wight!
The wight is almost destroyed.
The wight hits you from afar with an enchanted spear.
You die...

.##......###.#
#.##...#.<# #.# #
#####.##...#).# #.#
#.#..........#..# #.#
#.#.............###..
#..........#.........
####..##.####....[....
#........# #....###..
#.##!@##.# ##.#.# #..
#))z#.# #.#.# #..
##.z#.# #.#.###..
#..#.#####.#......
#..#..<....######.
#..#######.######.
#.................
.(..#####..######.
#>........


You could see 2 wights.

Vanquished Creatures
  A sky beast (D:5)
  An ice beast (D:4)
  An ogre (D:5)
  3 scorpions
  2 wights (D:6)
  A centaur zombie (D:5)
  4 orc priests
  Crazy Yiuf (D:2)
  A hound (D:4)
  Terence (D:3)
  3 bullfrog skeletons (D:5)
  2 iguanas (D:4)
  13 orc wizards
  2 worker ants
  A hound skeleton (D:4)
  8 gnolls
  8 adders
  A shadow imp (D:6)
  3 adder skeletons
  A worm (D:4)
  A dart slug (D:1)
  2 leopard geckos
  24 orcs
  4 giant cockroaches
  5 goblins
  8 hobgoblins
  3 jackals
  9 kobolds
  5 quokkas
  A ball python (D:4)
  5 bats (D:2)
  2 frilled lizards
  A jackal skeleton (D:3)
  8 rats
136 creatures vanquished.

Notes
Turn   | Place    | Note
-------+----------+-------------------------------------------
     0 | D:1      | Matezma the Troll Monk began the quest for the Orb.
     0 | D:1      | Reached XP level 1. HP: 22/22 MP: 0/0
   161 | D:1      | Reached XP level 2. HP: 27/29 MP: 1/1
   664 | D:2      | Reached skill level 4 in Unarmed Combat
   668 | D:2      | Reached XP level 3. HP: 19/36 MP: 2/2
   807 | D:2      | Reached XP level 4. HP: 39/44 MP: 3/3
   873 | D:2      | Reached skill level 5 in Unarmed Combat
  1199 | D:2      | Found a runed door.
  1288 | D:2      | Noticed Crazy Yiuf
  1295 | D:2      | Killed Crazy Yiuf
  1386 | D:3      | Found a shattered altar of Ashenzari.
  1412 | D:3      | Reached XP level 5. HP: 46/50 MP: 4/4
  1421 | D:3      | Reached skill level 6 in Unarmed Combat
  1628 | D:3      | Noticed Terence
  1636 | D:3      | Killed Terence
  1854 | D:3      | Reached XP level 6. HP: 55/59 MP: 5/5
  1857 | D:3      | Reached skill level 7 in Unarmed Combat
  1983 | D:3      | Found an opulent altar of Gozag.
  1983 | D:3      | Found a glowing silver altar of Zin.
  2483 | D:4      | Reached skill level 8 in Unarmed Combat
  2488 | D:4      | Reached XP level 7. HP: 38/66 MP: 6/6
  2572 | D:4      | Found a sparkling altar of Nemelex Xobeh.
  2572 | D:4      | Found a transporter.
  2572 | D:4      | Noticed a hippogriff
  2706 | D:4      | Found an ancient bone altar of Kikubaaqudgha.
  2749 | D:4      | Found a glowing drain.
  2960 | D:4      | Found a staircase to the Ecumenical Temple.
  2979 | Temple   | Entered the Ecumenical Temple
  3054 | Temple   | Became a worshipper of Trog the Wrathful
  3054 | Temple   | Reached * piety under Trog
  3054 | Temple   | Reached ** piety under Trog
  3265 | D:4      | Found an ornate altar of the Wu Jian Council.
  3477 | D:5      | Entered Level 5 of the Dungeon
  3488 | D:5      | Found a burning altar of Makhleb.
  3531 | D:5      | Reached skill level 9 in Unarmed Combat
  3531 | D:5      | Reached XP level 8. HP: 75/75 MP: 7/7
  4134 | D:6      | HP: 2/78 [something (4)]
  4310 | D:6      | Reached skill level 10 in Unarmed Combat
  4312 | D:6      | HP: 2/78 [wight/enchanted battleaxe (11)]
  4313 | D:6      | Slain by a wight

Skill      XL: |  1  2  3  4  5  6  7  8 |
---------------+-------------------------+-----
Unarmed Combat | 4 5 6 8 9 10 | 10.0
Fighting       | 3 |  3.8
Dodging        | 3 |  3.8
Stealth        | |  1.0

Action                   |  1- 3 |  4- 6 |  7- 9 || total
-------------------------+-------+-------+-------++-------
Melee: Unarmed           |    62 |   137 |   151 ||   350
       Punch             |       |     4 |     4 ||     8
Throw: Stone             |     6 |       |       ||     6
       Large rock        |       |     3 |     2 ||     5
  Use: Scroll            |       |     2 |     4 ||     6
 Stab: Sleeping          |       |     1 |     3 ||     4
  Eat: Chunk             |    13 |    15 |    17 ||    45
Armor: Robe              |     8 |    33 |    50 ||    91
Dodge: Dodged            |    37 |    50 |    79 ||   166
